 Dungeon Crawl Stone Soup version 0.28.0 (webtiles) character file.

Game seed: 6851848995870692015

97 themarg the Conjurer (level 4, -4/33 HPs)
             Began as a Draconian Conjurer on Feb 7, 2022.
             Slain by a gnoll (11 damage)
             ... on level 3 of the Dungeon.
             The game lasted 00:12:51 (3111 turns).

themarg the Conjurer (Draconian Conjurer)           Turns: 3111, Time: 00:12:52

Health: -4/33      AC:  7    Str: 10    XL:     4   Next: 42%
Magic:  1/8        EV: 12    Int: 20    God:
Gold:   38         SH:  0    Dex:  9    Spells: 7/8 levels left

rFire   . . .      SeeInvis .   b - +0 flail
rCold   . . .      Faith    .   (no shield)
rNeg    . . .      Spirit   .   (armour unavailable)
rPois   .          Reflect  .   h - +2 hat
rElec   .          Harm     .   (no cloak)
rCorr   .          Rampage  .   (no gloves)
Will    .....                   (no boots)
Stlth   ++........              (no amulet)
HPRegen 0.11/turn               (no ring)
MPRegen 0.11/turn               (no ring)

@: hasted, very quick
A: AC +5, unfitting armour, cold-blooded
a: no special abilities


You were on level 3 of the Dungeon.
You visited 1 branch of the dungeon, and saw 3 of its levels.

You collected 96 gold pieces.
You spent 58 gold pieces at shops.

Inventory:

Hand Weapons
 b - a +0 flail (weapon)
Armour
 h - a +2 hat (worn)
Jewellery
 c - an amulet of magic regeneration
Scrolls
 d - a scroll of identify
 e - 2 scrolls of fear {unknown}
 f - a scroll of amnesia
 j - a scroll of noise
Potions
 g - a potion of resistance
 i - a potion of flight


   Skills:
 + Level 0.1 Fighting
 + Level 0.6 Maces & Flails
 + Level 2.2 Dodging
 + Level 2.5 Stealth
 + Level 2.7 Spellcasting
 + Level 4.8 Conjurations


You had 7 spell levels left.
You knew the following spells:

 Your Spells              Type           Power      Damage    Failure   Level
a - Magic Dart            Conj           88%        1d7       1%          1

Your spell library contained the following spells:

 Spells                   Type           Power      Damage    Failure   Level
 Searing Ray              Conj           44%        2d6       3%          2
 Dazzling Flash           Conj/Hex       24%        N/A       16%         3
 Fulminant Prism          Conj/Hex       6%         3d7       47%         4
 Iskenderun's Mystic Bla  Conj/Tloc      12%        2d5       47%         4


Dungeon Overview and Level Annotations

Branches:
Dungeon (3/15)

Altars:

Shops:
D:2 *   D:3 *


Innate Abilities, Weirdness & Mutations

Your plain brown scales are hard. (AC +5)
You cannot fit into any form of body armour.
You are cold-blooded and may be slowed by cold attacks.


Message History

Press: ? - help, Shift-Dir - straight line, f/p - gnoll
Aim: a gnoll, wielding a +0 spear (severely wounded, 100% to hit)
The magic dart hits the gnoll.
You kill the gnoll!
You miss the adder. The adder misses you. The adder closely misses you.
You hit the adder.
The adder is moderately wounded.
The adder closely misses you. The gnoll barely misses you.
The rat bites you but does no damage.
You hit the adder.
The adder is heavily wounded.
The adder bites you but does no damage. The gnoll hits you with a +0 flail.
The rat barely misses you. The adder bites you but does no damage.
The gnoll closely misses you.
You closely miss the adder.
The adder is heavily wounded.
The adder barely misses you. The rat bites you but does no damage.
The adder bites you.
You are poisoned.
The adder poisons you! The gnoll hits you but does no damage.
The rat misses you.
You feel yourself speed up.
You feel sick. The adder barely misses you. The gnoll hits you with a +0 flail.
The rat barely misses you.
You miss the adder.
The adder is heavily wounded.
You feel sick. The adder bites you but does no damage. The gnoll misses you.
The rat bites you but does no damage. The adder bites you but does no damage.
You miss the adder.
You tail-slap the adder, but do no damage.
The adder is heavily wounded.
You feel sick. The gnoll closely misses you. The adder barely misses you.
You barely miss the adder. You tail-slap the adder.
You kill the adder!
You feel sick.
You are no longer poisoned.
The rat bites you but does no damage. The gnoll hits you with a +0 flail!
* * * LOW HITPOINT WARNING * * *
You closely miss the gnoll. The rat bites you but does no damage.
The gnoll hits you with a +0 flail!
You die...

#. #.#######.....#
.#.. #.# #.###.#
....)#### #.# #.#
#.. #.).# #.# #.#
### #.#)###.#
#####.####. g.
#.....###...#.##...
##
#..#......#.#.##.#.
#.g†...#.........#.
##@#...##.#.##.#...
#r#.....#.........
#.#.###....#######
#)#r..#[∩÷#.#
#.#...#.).#.#
#.#g..#.#.<.#
#.#...#...###
#......)#....)#
###.....#######


You could see a gnoll and a rat.

Vanquished Creatures
  3 gnolls (D:3)
  2 adders
  A worm (D:2)
  A dart slug (D:3)
  An orc (D:3)
  4 ball pythons
  4 endoplasms
  A giant cockroach (D:2)
  4 hobgoblins
  2 jackals (D:2)
  3 kobolds
  5 quokkas
  5 bats
  2 frilled lizards
  3 goblins
  3 rats
44 creatures vanquished.

Notes
Turn   | Place    | Note
-------+----------+-------------------------------------------
     0 | D:1      | themarg the Draconian Conjurer began the quest for the Orb.
     0 | D:1      | Reached XP level 1. HP: 14/14 MP: 3/3
   137 | D:1      | Found a faded altar of an unknown god.
   564 | D:1      | Reached XP level 2. HP: 20/20 MP: 0/5
  1351 | D:2      | Found Hutaroug's Assorted Antiques.
  1712 | D:2      | Reached XP level 3. HP: 26/26 MP: 0/6
  2471 | D:2      | Bought a scroll of identify for 58 gold pieces
  2701 | D:3      | Found Juxtimem's Assorted Antiques.
  2702 | D:3      | Identified the +4 plate armour "Lexazok" {rPois rF- Str+5}
  3076 | D:3      | Reached XP level 4. HP: 33/33 MP: 2/7
  3111 | D:3      | Slain by a gnoll

Illustrated notes

Levels and vault maps discovered:
D:1:      dpeg_arrival_windows_large_door, layout_loops_corners,
          shapermc_ecumenical_altar_flowoftime
D:2:      layout_loops_ring, serial_shops, nicolae_shop_statue_plus,
          chequers_serial_rivers_room_b
D:3:      layout_basic, serial_shops, nicolae_shop_stone

Skill      XL: |  1  2 |
---------------+-------+-----
Stealth        | 2 |  2.5
Dodging        | 2 |  2.2
Fighting       | |  0.1
Maces & Flails | |  0.6
Spellcasting   | |  2.7
Conjurations   | |  4.8

Action                   |  1- 3 |  4- 6 || total
-------------------------+-------+-------++-------
Melee: Flail             |    19 |    10 ||    29
       Tailslap          |       |     2 ||     2
 Cast: Magic Dart        |    81 |     5 ||    86
  Use: Scroll            |     6 |       ||     6
       Potion            |       |     1 ||     1
Armor: Skin              |    10 |    10 ||    20
Dodge: Dodged            |    19 |    17 ||    36
